 Dungeon Crawl Stone Soup version 0.18-a0-1070-gd466a24 (webtiles) character file.

779 st0uf the Ducker (level 7, 0/70 HPs)
             Began as a Troll Berserker on Jan 13, 2016.
             Was a Priest of Trog.
             Slain by a worm (8 damage)
             ... on level 5 of the Dungeon.
             The game lasted 00:11:47 (1594 turns).

st0uf the Ducker (Troll Berserker)                  Turns: 1594, Time: 00:11:47

Health: 0/70       AC:  6    Str: 26    XL:     7   Next: 54%
Magic:  6/6        EV: 12    Int:  3    God:    Trog [***...]
Gold:   150        SH:  0    Dex: 14    Spells: 0 memorised, 6 levels left

rFire  . . .     SeeInvis .       - Unarmed
rCold  . . .     Gourm    +     a - +1 animal skin
rNeg   . . .     Faith    .     (no shield)
rPois  +         Spirit   .     (helmet restricted)
rElec  .         Dismiss  .     (no cloak)
rCorr  .         Reflect  .     (gloves unavailable)
SustAt .         Harm     .     (boots unavailable)
MR     .....                    r - amulet of inaccuracy (curse)
Stlth  +.........               q - ring of poison resistance
                                k - +3 ring of dexterity

@: exhausted, not resistant to hostile enchantments, very unstealthy
A: unfitting armour, claws 3, fast metabolism 3, gourmand, regeneration 2,
shaggy fur 1, tough skin 2
a: Berserk, Trog's Hand, Burn Spellbooks, Renounce Religion


You were on level 5 of the Dungeon.
You worshipped Trog.
Trog was most pleased with you.
You were completely stuffed.

You visited 1 branch of the dungeon, and saw 6 of its levels.

You collected 150 gold pieces.

Inventory:

Missiles
 p - 2 throwing nets (quivered)
 s - 15 stones
Armour
 a - a +1 animal skin (worn)
Jewellery
 c - an uncursed amulet of guardian spirit
 k - a +3 ring of dexterity (left claw)
 q - a ring of poison resistance (right claw)
 r - a cursed amulet of inaccuracy (around neck)
Wands
 m - a wand of slowing (31/48)
Scrolls
 d - 2 scrolls of identify
 f - a scroll of random uselessness
 i - a scroll of amnesia
Potions
 e - 3 potions of curing
 h - a potion of mutation {unknown}
 l - a potion of haste {unknown}
 n - 2 potions of agility {unknown}
 o - a potion of invisibility {unknown}
Comestibles
 b - 2 bread rations
 g - a beef jerky
 j - 2 meat rations
 v - 3 chunks of flesh


   Skills:
 + Level 4.0 Fighting
 * Level 1.2 Throwing
 + Level 5.5 Dodging
 + Level 5.1 Unarmed Combat


You had 6 spell levels left.
You didn't know any spells.

Dungeon Overview and Level Annotations

Branches:
Dungeon (6/15)             Temple (0/1) D:5

Altars:
Dithmenos
Gozag
Ru
Trog
Zin
The Shining One


Innate Abilities, Weirdness & Mutations

You are too large for most types of armour.
You have claws for hands.
Your metabolism is lightning-fast.
You like to eat raw meat.
You heal very quickly.
You are covered in fur (AC +1).
You have very tough skin (AC +2).


Message History

The worm closely misses you.
The rat bites you but does no damage. x2
The worm closely misses you.
You scratch the rat but do no damage. The rat closely misses you.
The rat bites you but does no damage. The worm bites you.
* * * LOW HITPOINT WARNING * * *
The rat misses you. The rat closely misses you. The worm misses you.
The worm barely misses you.
You claw the rat!
You kill the rat!
Trog accepts your kill.
The rat bites you but does no damage. x2
The worm barely misses you.
You feel yourself speed up. The rat bites you.
* * * LOW HITPOINT WARNING * * *
The worm misses you. The rat barely misses you. The worm bites you.
* * * LOW HITPOINT WARNING * * *
You see here a rat corpse.
The rat bites you but does no damage. x2
The rat bites you but does no damage. The worm bites you!
You die...

######.########....###
....#..###### ....#
#............# ....#
#............# ###### #...#
#............####...### #...#
###..........##.)†...)## #...#
#.........##).w._..).# #...#
#.........##.rw......# #...#
#.........#..@.###....##...#
###.........#...##y##...##...#
#...........#....###....##...###
#...........#...........##......
#...8....)..##.........###....##
#.8...#####'###.......## #....#
#...8........#####+####.#####.#
#.8..........##.# #.......##
#...8........##.# 5# ########..


You could see a moth of wrath, 2 worms and a rat (berserk).

Vanquished Creatures
  2 ice beasts
  A sky beast (D:5)
  An ogre (D:6)
  A scorpion (D:6)
  A crimson imp (D:6)
  A jelly (D:5)
  An orc priest (D:3)
  3 orc wizards (D:3)
  2 worker ants (D:6)
  2 hound skeletons
  4 gnolls (D:5)
  An adder (D:2)
  A shadow imp (D:6)
  An ooze (D:2)
  2 giant geckos
  5 orcs (D:3)
  9 bats
  3 giant cockroaches
  5 goblins
  8 hobgoblins
  13 jackals
  6 kobolds
  2 quokkas (D:5)
  A giant newt (D:2)
  6 rats
82 creatures vanquished.

Notes
Turn   | Place    | Note
--------------------------------------------------------------
     0 | D:1      | st0uf the Troll Berserker began the quest for the Orb.
     0 | D:1      | Reached XP level 1. HP: 22/22 MP: 0/0
    93 | D:1      | Reached XP level 2. HP: 23/29 MP: 1/1
   224 | D:1      | Reached ** piety under Trog
   447 | D:1      | Reached XP level 3. HP: 36/36 MP: 2/2
   674 | D:2      | Found a glowing golden altar of the Shining One.
   681 | D:2      | Found a shadowy altar of Dithmenos.
   808 | D:2      | Found an opulent altar of Gozag.
   873 | D:2      | Reached XP level 4. HP: 44/44 MP: 3/3
   997 | D:3      | Reached *** piety under Trog
  1054 | D:3      | Reached XP level 5. HP: 50/53 MP: 1/4
  1058 | D:3      | Reached skill level 4 in Dodging
  1125 | D:5      | Entered Level 5 of the Dungeon
  1174 | D:5      | Noticed an ice beast
  1191 | D:5      | Killed an ice beast
  1191 | D:5      | Reached XP level 6. HP: 61/61 MP: 5/5
  1207 | D:5      | Noticed a sky beast
  1229 | D:5      | Killed a sky beast
  1283 | D:6      | Reached skill level 5 in Dodging
  1315 | D:6      | Reached XP level 7. HP: 65/68 MP: 6/6
  1414 | D:6      | Reached skill level 1 in Throwing
  1414 | D:6      | Reached skill level 5 in Unarmed Combat
  1439 | D:6      | Found a sacrificial altar of Ru.
  1441 | D:6      | Found a glowing silver altar of Zin.
  1543 | D:5      | Found a staircase to the Ecumenical Temple.
  1582 | D:5      | Found a bloodstained altar of Trog.
  1583 | D:5      | Noticed a moth of wrath
  1594 | D:5      | Slain by a worm

Vault maps used:
D:1:      minmay_arrival_doors, minivault_14
D:2:      gammafunk_temple_overflow_pools, amethyst_killhole,
          grunt_gozag_breadcrumbs
D:3:      uniq_sigmund
D:4:      first_bread, hangedman_abyss_or_decor_lesser_grid, uniq_edmund
D:5:      lemuel_crystal_altar, tgw_trog, minmay_temple_entry_statues_fountains,
          minivault_19, st_stairs_14, minmay_misc_feat_pillars,
          columned_hall_lemuel
D:6:      marbit_many_paths, nicolae_overflow_hidden_temple

Action                   |  1- 3 |  4- 6 |  7- 9 || total
-------------------------+-------+-------+-------++-------
Melee: Unarmed           |   120 |    64 |    45 ||   229
Invok: Berserk           |     1 |     4 |     2 ||     7
  Use: Scroll            |       |       |     8 ||     8
 Stab: Sleeping          |       |     1 |     1 ||     2
  Eat: Chunk             |    15 |     8 |     5 ||    28
